 Dungeon Crawl Stone Soup version 0.21.1-1-g345015fe64 (webtiles) character file.

40486 originalK the Severer (level 14, 0/127 HPs)
             Began as a Hill Orc Fighter on July 21, 2018.
             Was a High Priest of Beogh.
             Slain by a harpy (3 damage)
             ... summoned by Kirke
             ... on level 15 of the Dungeon.
             The game lasted 01:52:44 (19808 turns).

originalK the Severer (Hill Orc Fighter)           Turns: 19808, Time: 01:52:46

Health: 0/127      AC:  0    Str: 21 (24) XL:     14   Next: 11%
Magic:  14/14      EV: 15    Int:  7 (8)  God:    Beogh [*****.]
Gold:   896        SH:  0    Dex:  8 (10) Spells: 13/13 levels left

rFire    . . .     SeeInvis .   (weapon currently unavailable)
rCold    . . .     Gourm    .   (shield currently unavailable)
rNeg     . . .     Faith    .   (armour currently unavailable)
rPois    .         Spirit   .   (helmet currently unavailable)
rElec    .         Reflect  .   (cloak currently unavailable)
rCorr    .         Harm     .   (gloves currently unavailable)
MR       +....                  (boots currently unavailable)
Stlth    +.........             (no amulet)
HPRegen  0.31/turn              (ring currently unavailable)
MPRegen  0.14/turn              (ring currently unavailable)

@: pig-form, slowed
A: small, walk on water
a: Smiting, Recall Orcish Followers, Give Item to Named Follower, Renounce
Religion


You were on level 15 of the Dungeon.
You worshipped Beogh.
Beogh was extremely pleased with you.
You were near starving.
You were a filthy swine.
You visited 1 branch of the dungeon, and saw 15 of its levels.

You collected 896 gold pieces.

Inventory:

Hand Weapons
 a - a +3 war axe
 I - a +2 battleaxe of freezing (melded)
Missiles
 d - 17 tomahawks (quivered)
Armour
 c - a +0 shield
 r - a +0 troll leather armour
 t - a +0 pair of boots (melded)
 w - a +0 pair of gloves (melded)
 A - a +5 plate armour (melded)
 C - a +0 helmet (melded)
Jewellery
 n - a +4 ring of protection (melded)
 q - a +2 ring of intelligence (melded)
 B - an uncursed amulet of the gourmand
Wands
 b - a wand of flame (41)
 o - a wand of digging (35)
 u - a wand of paralysis (51)
 D - a wand of clouds (6)
Scrolls
 e - 2 scrolls of fog {unknown}
 i - 7 scrolls of remove curse
 j - a scroll of magic mapping {unknown}
 l - a scroll of vulnerability {unknown}
 s - a scroll of amnesia
 y - 3 scrolls of blinking
 F - 6 scrolls of identify
 J - a scroll of fear {unknown}
Potions
 p - 6 potions of brilliance
 x - 3 potions of degeneration
 G - 3 potions of flight
Books
 k - a book of Necromancy

   Spells                             Type                      Level
   a - Pain                           Necromancy                   1
   b - Animate Skeleton               Necromancy                   1
   c - Vampiric Draining              Necromancy                   3
   d - Regeneration                   Charms/Necromancy            3
   e - Animate Dead                   Necromancy                   4
   f - Borgnjor's Vile Clutch         Necromancy/Earth             5
 v - Sif Muna's Reference Book on Displacement
   (You found it on level 3 of the Dungeon)

   Spells                             Type                      Level
   a - Apportation                    Translocation                1
 z - a book of Conjurations

   Spells                             Type                      Level
   a - Magic Dart                     Conjuration                  1
   b - Searing Ray                    Conjuration                  2
   c - Dazzling Spray                 Conjuration/Hexes            3
   d - Fulminant Prism                Conjuration/Hexes            4
   e - Force Lance                    Conjuration/Translocation    4
   f - Iskenderun's Mystic Blast      Conjuration                  4
 E - a book of Debilitation

   Spells                             Type                      Level
   a - Corona                         Hexes                        1
   b - Slow                           Hexes                        2
   c - Inner Flame                    Hexes/Fire                   3
   d - Portal Projectile              Hexes/Translocation          3
   e - Cause Fear                     Hexes                        4
   f - Leda's Liquefaction            Hexes/Earth                  4
 L - a book of Air

   Spells                             Type                      Level
   a - Shock                          Conjuration/Air              1
   b - Swiftness                      Charms/Air                   2
   c - Static Discharge               Conjuration/Air              3
   d - Airstrike                      Air                          4
   e - Lightning Bolt                 Conjuration/Air              5
Miscellaneous
 O - a fan of gales
Comestibles
 f - 26 rations


   Skills:
 + Level 12.6 Fighting
 + Level 18.9 Axes
 + Level 11.7 Armour
 + Level 4.6 Dodging
 + Level 10.8 Shields
 + Level 0.7 Invocations
 + Level 0.4 Evocations


You had 13 spell levels left.
You didn't know any spells.

Dungeon Overview and Level Annotations

Branches:
Dungeon (15/15)            Temple (0/1) D:6            Lair (0/6) D:10
    Orc (0/2) D:11         Depths (0/5) D:15
 Vaults: D:13-14

Altars:
Ashenzari
Gozag
Kikubaaqudgha
Qazlal
Sif Muna
Vehumet
Zin

Shops:
D:8 [

Annotations:
D:15 Kirke; lis82's ghost, journeyman GrFi


Message History

Something hits you but does no damage.
The harpy claws you but does no damage. x2
Something hits you but does no damage. The harpy claws you!
* * * LOW HITPOINT WARNING * * *
The harpy claws you but does no damage. Something hits you but does no damage.
The harpy barely misses you. The harpy claws you but does no damage.
Found a stone staircase leading up.
You hear some strange, mumbled words.
You turn into a filthy swine.
Your +2 battleaxe of freezing melds into your body.
Your +0 helmet melds into your body.
Your +0 pair of gloves melds into your body.
Your +0 pair of boots melds into your body.
Your +5 plate armour melds into your body.
Your +4 ring of protection melds into your body.
Your +2 ring of intelligence melds into your body.
Your +2 battleaxe of freezing stops glowing.
You feel stupid. The harpy claws you.
You die...

.......##### #...........
.....# .@.hh..# .<...#
.###.#..# . .....## ##
#.# .## .# ....... #h##
.### ..# .......
#..##...#..# .......
##.h.#....####....... .
###..h##...Hh# ...
###...######H####.....
##...#.######........(.
.......<...)..†..######.#
#.#######..####.....# .
##... #####..# ###... ..#
###.# ... . ..


You could see 2 harpies.

Vanquished Creatures
  An ettin (D:12)
  A hydra (D:13)
  A death knight (D:15)
  3 centaur warriors
  An ogre mage (D:14)
  The ghost of Loge the Destroyer, a journeyman DEFE of Sif Muna (D:9)
  A tengu warrior (D:14)
  5 two-headed ogres
  The ghost of smiqu the Basher, a novice TrFi of Okawaru (D:7)
  An unseen horror (D:14)
  3 cyclopes
  10 ugly things
  A manticore (D:13)
  The ghost of originalK the Cudgeler, a novice HOFi of Qazlal (D:5)
  2 gargoyles
  An efreet (D:15)
  A rime drake (shapeshifter) (D:10)
  A komodo dragon (D:10)
  A queen bee (D:10)
  3 meliai (D:13)
  2 trolls (D:12)
  The ghost of SlightEye the Skirmisher, an amateur FoFi (D:4)
  5 slime creatures (D:12)
  A hippogriff (D:6)
  2 wraiths (D:14)
  A wyvern (D:8)
  6 hogs (D:15)
  13 yaks
  3 hungry ghosts (D:8)
  A basilisk (D:14)
  2 vampire mosquitoes (D:14)
  A soldier ant (D:13)
  A warg (D:10)
  Duvessa (D:5)
  A water moccasin (D:7)
  A black bear (D:7)
  A hornet zombie (D:11)
  4 ice beasts
  3 phantoms
  7 orc warriors
  2 eyes of draining (D:14)
  4 sky beasts
  7 ogres
  A necrophage (D:9)
  14 centaurs
  2 crocodiles
  A wyvern zombie (D:11)
  6 big kobolds
  3 bullfrogs
  Dowan (D:5)
  A water moccasin zombie (D:9)
  A wyvern skeleton (D:9)
  5 scorpions
  32 killer bees
  4 wights
  7 howler monkeys
  9 crimson imps
  A quasit (D:9)
  3 bullfrog zombies
  8 hounds
  A gnoll shaman (D:5)
  3 jellies
  A bullfrog skeleton (D:13)
  2 centaur skeletons
  4 centaur zombies
  9 orc priests
  13 orc wizards
  Ijyb (D:3)
  Natasha (twice) (D:2)
  4 iguanas
  8 worker ants
  A hound skeleton (D:4)
  A howler monkey zombie (D:5)
  A worker ant zombie (D:9)
  12 gnolls
  9 adders
  A shadow imp (D:14)
  2 oozes
  An adder skeleton (D:7)
  5 worms
  2 dart slugs
  5 leopard geckos
  45 orcs
  A ball python (D:2)
  9 bats
  4 giant cockroaches
  8 hobgoblins
  8 jackals
  4 quokkas
  2 frilled lizards
  A giant cockroach zombie (D:5)
  5 goblins
  20 kobolds
  A leopard gecko skeleton (D:4)
  A leopard gecko zombie (D:5)
  A quokka skeleton (D:7)
  11 rats
418 creatures vanquished.

Vanquished Creatures (collateral kills)
  A frost giant (D:12)
  A dire elephant (D:15)
  The ghost of SlightEye the Covert, a journeyman OpAs of Dithmenos (D:12)
  The ghost of SlightEye the Fighter, a journeyman FoFi of Okawaru (D:11)
  A hydra (D:15)
  2 two-headed ogres
  A flayed ghost (D:12)
  A deep elf mage (D:15)
  A salamander (D:15)
  An ugly thing (D:14)
  A centaur skeleton (D:13)
  2 trolls
  6 slime creatures
  8 yaks
  2 vampire mosquitoes (D:14)
  2 orc warriors
  An ogre (D:14)
  A centaur (D:10)
  A big kobold (D:12)
  A bullfrog (D:12)
  A wyvern skeleton (D:10)
  2 wights (D:13)
  6 killer bees (D:10)
  A howler monkey (D:12)
  A jelly (D:12)
  2 orc wizards
  A bullfrog skeleton (D:12)
  An iguana (D:11)
  A worker ant (D:11)
  A howler monkey zombie (D:10)
53 creatures vanquished.

Vanquished Creatures (others)
  5 orc knights
  8 orc warriors
  A boggart (D:14)
  22 orcs
  3 orc priests (D:13)
  11 orc wizards
  A howler monkey zombie (D:9)
  6 plants (D:4)
57 creatures vanquished.

Grand Total: 528 creatures vanquished

Notes
Turn   | Place    | Note
-------+----------+-------------------------------------------
     0 | D:1      | originalK the Hill Orc Fighter began the quest for the Orb.
     0 | D:1      | Reached XP level 1. HP: 19/19 MP: 1/1
   326 | D:1      | Reached XP level 2. HP: 27/27 MP: 2/2
   334 | D:1      | Reached skill level 3 in Axes
   385 | D:1      | You fall through a shaft!
   810 | D:2      | Reached XP level 3. HP: 26/33 MP: 3/3
  1020 | D:2      | Found an opulent altar of Gozag.
  1170 | D:2      | Noticed Natasha
  1177 | D:2      | Killed Natasha
  1177 | D:2      | Reached XP level 4. HP: 39/40 MP: 4/4
  1325 | D:2      | Reached skill level 4 in Axes
  1495 | D:2      | Noticed Natasha
  1505 | D:2      | Killed Natasha
  1550 | D:2      | Reached XP level 5. HP: 44/46 MP: 5/5
  1568 | D:2      | Found a glowing silver altar of Zin.
  1839 | D:3      | Noticed Ijyb
  1852 | D:3      | Killed Ijyb
  2068 | D:3      | Reached skill level 5 in Axes
  2068 | D:3      | Reached skill level 1 in Dodging
  2284 | D:3      | Noticed an air elemental
  2286 | D:3      | Found a stormy altar of Qazlal.
  2289 | D:3      | Noticed a water elemental
  2289 | D:3      | Noticed a fire elemental
  2312 | D:3      | Noticed a centaur
  2322 | D:3      | Killed a centaur
  2322 | D:3      | Reached XP level 6. HP: 23/53 MP: 6/6
  2756 | D:3      | Found an ancient bone altar of Kikubaaqudgha.
  2758 | D:3      | Found a radiant altar of Vehumet.
  2760 | D:3      | Found a deep blue altar of Sif Muna.
  2767 | D:3      | Identified Sif Muna's Reference Book on Displacement
  2838 | D:4      | Noticed SlightEye's ghost (amateur FoFi)
  2864 | D:4      | Killed SlightEye's ghost
  2864 | D:4      | Reached skill level 6 in Axes
  2864 | D:4      | Reached skill level 5 in Shields
  2864 | D:4      | Reached XP level 7. HP: 37/60 MP: 7/7
  2870 | D:4      | Reached skill level 5 in Fighting
  3094 | D:4      | Paralysed by an orc wizard for 3 turns
  3100 | D:4      | Reached skill level 7 in Axes
  3278 | D:4      | Reached skill level 5 in Armour
  3285 | D:4      | Reached XP level 8. HP: 47/68 MP: 8/8
  3574 | D:4      | Found a shattered altar of Ashenzari.
  3770 | D:4      | Reached skill level 8 in Axes
  4053 | D:5      | Entered Level 5 of the Dungeon
  4061 | D:5      | Noticed originalK's ghost (novice HOFi)
  4096 | D:5      | Killed originalK's ghost
  4096 | D:5      | Reached skill level 9 in Axes
  4353 | D:5      | Noticed Duvessa
  4360 | D:5      | Noticed Dowan
  4374 | D:5      | Killed Duvessa
  4374 | D:5      | Reached XP level 9. HP: 61/75 MP: 9/9
  4385 | D:5      | Killed Dowan
  4385 | D:5      | Reached skill level 10 in Axes
  5024 | D:5      | Became a worshipper of Beogh the Brigand
  5503 | D:6      | Found a staircase to the Ecumenical Temple.
  6462 | D:7      | Noticed smiqu's ghost (novice TrFi)
  6676 | D:7      | Reached skill level 11 in Axes
  6870 | D:7      | Reached * piety under Beogh
  6904 | D:7      | Killed smiqu's ghost
  6904 | D:7      | Reached XP level 10. HP: 86/86 MP: 10/10
  6985 | D:7      | Reached skill level 12 in Axes
  8173 | D:8      | Found Cuxuy's Armour Shop.
  8364 | D:8      | Paralysed by fainting for 8 turns
  8386 | D:8      | Paralysed by fainting for 11 turns
  8406 | D:8      | Paralysed by fainting for 11 turns
  8619 | D:9      | Noticed Loge's ghost (journeyman DEFE)
  8624 | D:9      | Reached ** piety under Beogh
  8695 | D:9      | Killed Loge's ghost
  8695 | D:9      | Reached skill level 13 in Axes
  9299 | D:9      | Noticed a gargoyle
  9314 | D:9      | Killed a gargoyle
  9346 | D:9      | Reached XP level 11. HP: 78/95 MP: 11/11
  9399 | D:9      | HP: 2/95 [efreet/bolt of fire (7)]
 10669 | D:10     | Entered Level 10 of the Dungeon
 10832 | D:9      | Reached *** piety under Beogh
 11700 | D:10     | Reached **** piety under Beogh
 11708 | D:10     | Reached skill level 14 in Axes
 11717 | D:10     | Noticed a two-headed ogre
 11724 | D:10     | Killed a two-headed ogre
 11776 | D:10     | Found a staircase to the Lair.
 11936 | D:10     | Reached skill level 10 in Shields
 12122 | D:11     | Noticed a two-headed ogre
 12130 | D:11     | Killed a two-headed ogre
 12269 | D:11     | Noticed SlightEye's ghost (journeyman FoFi)
 12288 | D:11     | Killed SlightEye's ghost
 12595 | D:11     | Found a staircase to the Orcish Mines.
 12595 | D:11     | Noticed a two-headed ogre
 13009 | D:11     | Reached XP level 12. HP: 98/105 MP: 12/12
 13009 | D:11     | Reached skill level 15 in Axes
 13057 | D:11     | Noticed a two-headed ogre
 13076 | D:11     | Killed a two-headed ogre
 13608 | D:12     | Noticed SlightEye's ghost (journeyman OpAs)
 13678 | D:12     | Killed SlightEye's ghost
 13850 | D:12     | Reached skill level 10 in Fighting
 13962 | D:12     | Reached ***** piety under Beogh
 14153 | D:12     | Noticed an ettin
 14164 | D:12     | Killed an ettin
 14164 | D:12     | Reached skill level 16 in Axes
 14481 | D:12     | Noticed a frost giant
 14490 | D:12     | Killed a frost giant
 15172 | D:12     | Noticed a centaur warrior
 15180 | D:12     | Killed a centaur warrior
 15180 | D:12     | Reached skill level 10 in Armour
 15523 | D:13     | Noticed a two-headed ogre
 15529 | D:13     | Killed a two-headed ogre
 15529 | D:13     | Reached XP level 13. HP: 116/116 MP: 13/13
 15726 | D:13     | Reached skill level 17 in Axes
 17030 | D:13     | Paralysed by fainting for 11 turns
 17050 | D:13     | Paralysed by fainting for 6 turns
 17061 | D:13     | Paralysed by fainting for 10 turns
 17089 | D:13     | Paralysed by fainting for 11 turns
 18671 | D:14     | Reached skill level 18 in Axes
 18879 | D:14     | Gained Boghold as an ally
 19201 | D:15     | Entered Level 15 of the Dungeon
 19207 | D:15     | Found a staircase to the Depths.
 19207 | D:15     | Noticed a dire elephant
 19228 | D:15     | Reached XP level 14. HP: 36/127 MP: 14/14
 19228 | D:15     | Killed a dire elephant
 19231 | D:15     | Noticed lis82's ghost (journeyman GrFi)
 19245 | D:15     | Your ally Boghold died
 19702 | D:15     | Noticed Kirke
 19783 | D:15     | HP: 8/190 [Kirke/trident (6)]
 19807 | D:15     | HP: 3/127 [harpy[Kirke] (10)]
 19808 | D:15     | Slain by a harpy

Skill      XL: |  1  2  3  4  5  6  7  8  9 10 11 12 13 |
---------------+----------------------------------------+-----
Axes           | 3 4 5 6 7 9 11 13 14 16 18 | 18.9
Fighting       | 4 5 6 7 8 9 11 12 | 12.6
Shields        | 4 5 6 7 8 10 | 10.8
Armour         | 4 5 6 7 8 10 11 | 11.7
Dodging        | 1 2 3 4 |  4.6
Invocations    | |  0.7
Evocations     | |  0.4

Action                   |  1- 3 |  4- 6 |  7- 9 | 10-12 | 13-15 || total
-------------------------+-------+-------+-------+-------+-------++-------
Melee: War axe           |    93 |   213 |   447 |   887 |       ||  1640
       Battleaxe         |       |       |       |    40 |   327 ||   367
Invok: Convert to Beogh  |       |       |     1 |       |       ||     1
       Smiting           |       |       |       |     2 |       ||     2
Evoke: Wand              |       |       |       |     5 |     1 ||     6
  Use: Scroll            |       |     3 |     7 |    13 |     8 ||    31
       Potion            |       |     3 |    10 |     7 |     6 ||    26
 Stab: Paralysed         |       |       |       |     5 |       ||     5
       Distracted        |       |       |       |     4 |     1 ||     5
  Eat: Ration            |       |     1 |     3 |     7 |     3 ||    14
       Chunk             |       |     3 |     2 |    10 |     3 ||    18
Armor: Scale mail        |    43 |   131 |   215 |   150 |       ||   539
       Plate armour      |       |       |       |   280 |   275 ||   555
       Skin              |       |       |       |     1 |    41 ||    42
Dodge: Dodged            |    22 |    76 |   143 |   272 |   135 ||   648
Block: Shield            |    47 |   133 |   239 |   453 |       ||   872
